Map: Waterfall

Players

µGC - Winner!

  • Race: Zerg Zerg
  • League: Diamond
  • Spawn Location: 7:00

nonstickpan

  • Race: Zerg Zerg
  • League: Diamond
  • Spawn Location: 1:00

VOD

Have the link to the VOD?

Description

hvvvvvvvn

Time

  • Played on: Dec. 8, 2022, 9:31 p.m.
  • Length: 13:45
Show
View Real Time Build Order
Export as new Build Order

µGC Zerg - Winner!

Build Orders: Hatch First, Lurkers 

Get SALT Encoding   

  12  0:00  Drone  
  13  0:12  Overlord  
  13  0:17  Drone  
  14  0:31  Drone  
  14  0:32  Drone  
  16  0:48  Hatchery  
  15  0:52  Drone  
  15  0:55  Drone  
  17  0:59  Drone  
  18  1:08  Extractor  
  17  1:14  Spawning Pool  
  17  1:17  Drone  
  17  1:20  Drone  
  18  1:27  Drone  
  19  1:38  Drone  
  20  1:49  Overlord  
  20  2:06  Queen x2  
  24  2:14  Zergling x2, Drone x2  
  24  2:15  Zergling x2  
  28  2:28  Drone x2  
  30  2:30  Metabolic Boost  
  30  2:37  Drone  
  30  2:41  Overlord  
  31  2:57  Queen  
  34  2:58  Drone x3  
  34  2:59  Drone  
  37  3:08  Drone x2  
  37  3:12  Hatchery  
  38  3:24  Roach Warren, Extractor, Drone x5  
  40  3:38  Drone x4  
  44  3:45  Extractor  
  44  3:46  Extractor  
  42  3:50  Overlord x2, Drone x2  
  42  3:51  Evolution Chamber  
  42  3:55  Lair  
  43  4:07  Drone  
  44  4:11  Drone x2  
  44  4:12  Overlord, Drone  
  44  4:15  Drone x2  
  49  4:19  Zerg Missile Weapons Level 1  
  49  4:24  Roach x3  
  49  4:30  Drone x2  
  57  4:46  Roach x8  
  73  5:05  Glial Reconstitution, Overlord x4  
  73  5:10  Drone  
  73  5:12  Evolution Chamber  
  73  5:13  Spine Crawler  
  71  5:16  Drone x2  
  73  5:23  Overlord x2  
  73  5:26  Roach  
  73  5:27  Roach x2  
  79  5:29  Ravager x2  
  79  5:34  Roach x2  
  85  5:43  Roach  
  85  5:44  Roach x3  
  91  5:50  Roach x2  
  91  5:56  Roach x3  
  95  5:58  Roach  
  95  6:10  Roach x5  
  99  6:20  Drone x2  
  101  6:28  Roach x2  
  101  6:29  Roach  
  103  6:34  Zerg Missile Weapons Level 2  
  103  6:39  Drone x3  
  106  6:41  Extractor  
  106  6:42  Extractor  
  104  6:58  Roach  
  104  6:59  Roach x4  
  104  7:00  Queen  
  104  7:01  Drone  
  113  7:06  Overlord x2  
  113  7:07  Overlord  
  113  7:14  Drone x5  
  118  7:17  Roach  
  118  7:18  Ravager x2  
  118  7:21  Hatchery  
  121  7:25  Infestation Pit  
  121  7:26  Drone x2  
  121  7:27  Hydralisk Den  
  121  7:30  Roach  
  121  7:31  Roach x2  
  121  7:34  Roach x2  
  121  7:36  Roach  
  133  7:38  Roach  
  135  7:49  Overlord x3  
  135  7:50  Overseer  
  135  7:55  Drone x3  
  138  8:03  Overlord  
  138  8:04  Overlord x2  
  138  8:11  Roach, Drone x3  
  138  8:12  Roach x4  
  151  8:31  Roach x10  
  171  8:37  Roach x5  
  181  8:48  Hive  
  181  8:50  Drone x3  
  181  8:51  Drone  
  181  8:54  Spore Crawler x2  
  183  8:56  Hatchery  
  182  9:07  Roach x2  
  186  9:15  Overlord x5  
  186  9:16  Overseer  
  184  9:18  Burrow  
  184  9:19  Roach  
  186  9:36  Grooved Spines  
  186  9:38  Lurker Den  
  186  9:42  Drone  
  186  9:43  Drone x2  
  178  9:56  Roach x6  
  182  10:02  Zerg Missile Weapons Level 3  
  162  10:11  Roach x4  
  158  10:23  Drone  
  158  10:24  Drone x5  
  146  10:32  Zerg Ground Armor Level 1  
  146  10:33  Hatchery  
  146  10:35  Roach x5  
  139  10:40  Hydralisk  
  141  10:46  Extractor x2  
  139  10:50  Hydralisk  
  139  10:51  Hydralisk  
  143  11:17  Hydralisk  
  143  11:18  Hydralisk x5  
  145  11:34  Hydralisk x3  
  145  11:37  Lurker  
  125  11:49  Hydralisk x4  
  133  11:56  Zergling x2  
  133  11:57  Zergling x12  
  140  12:02  Hydralisk x4  
  140  12:05  Hydralisk  
  150  12:12  Hydralisk x2  
  150  12:13  Hatchery  
  150  12:14  Hydralisk  
  155  12:26  Roach x7  
  164  12:36  Hydralisk x4  
  167  12:46  Seismic Spines  
  167  12:52  Hydralisk x2  
  167  12:53  Extractor x2  
  159  13:14  Lurker x2  
  159  13:15  Lurker  
  157  13:24  Lurker x2  
Show
View Real Time Build Order
Export as new Build Order

nonstickpan Zerg 

Build Orders: Hatch First 

Get SALT Encoding   

  12  0:00  Drone  
  13  0:12  Overlord  
  13  0:17  Drone  
  14  0:30  Drone x2  
  16  0:50  Hatchery  
  16  0:53  Drone  
  16  0:55  Drone  
  17  1:04  Drone  
  18  1:11  Extractor  
  18  1:18  Spawning Pool, Drone  
  18  1:21  Drone  
  18  1:36  Drone  
  19  1:54  Drone  
  19  1:56  Overlord  
  20  2:03  Drone  
  20  2:05  Queen x2  
  20  2:06  Zergling x2  
  26  2:15  Drone x2  
  28  2:23  Drone  
  29  2:33  Overlord  
  29  2:36  Drone  
  30  2:44  Queen  
  32  2:56  Drone x5  
  36  3:11  Evolution Chamber, Drone x2  
  37  3:14  Roach Warren  
  36  3:23  Drone x6  
  42  3:31  Overlord x2  
  44  3:38  Zerg Missile Weapons Level 1  
  42  3:41  Lair  
  42  3:44  Drone x2  
  42  3:45  Extractor  
  43  3:57  Extractor  
  43  4:00  Drone x2  
  43  4:01  Drone  
  43  4:02  Extractor  
  44  4:03  Drone x3  
  44  4:06  Overlord x2  
  47  4:14  Drone x2  
  49  4:28  Roach x4  
  57  4:36  Overlord  
  57  4:42  Glial Reconstitution  
  57  4:43  Roach x5  
  67  4:55  Roach x2  
  71  5:09  Roach x5  
  71  5:10  Roach  
  71  5:12  Hatchery  
  82  5:16  Roach  
  84  5:35  Overlord x4  
  82  5:51  Roach  
  80  6:05  Roach x10  
  94  6:13  Roach  
  94  6:16  Zerg Missile Weapons Level 2  
  84  6:26  Drone x3  
  77  6:33  Ravager  
  77  6:34  Ravager x3  
  77  6:36  Roach  
  77  6:37  Roach x4  
  87  6:56  Roach  
  87  6:57  Roach x9  
  87  7:01  Drone  
  108  7:07  Infestation Pit  
  107  7:09  Drone  
  107  7:11  Drone x2  
  110  7:25  Drone x4  
  110  7:26  Overlord x4  
  110  7:27  Overlord  
  114  7:36  Overseer, Hatchery  
  113  7:48  Roach x7  
  127  8:01  Pathogen Glands  
  127  8:02  Evolution Chamber, Infestor  
  127  8:03  Infestor x2  
  132  8:08  Roach x2  
  136  8:16  Spine Crawler  
  125  8:28  Overlord x3  
  125  8:30  Roach x4  
  133  8:46  Drone x4  
  133  8:47  Roach x5  
  147  8:56  Extractor  
  147  8:57  Extractor  
  133  9:25  Roach x12  
  143  10:06  Roach x8  
  143  10:07  Roach x2  
  126  10:23  Queen  
  126  10:24  Roach  
  108  10:32  Zerg Ground Armor Level 1  
  73  10:44  Hatchery  
  73  10:48  Infestor x3  
  73  10:49  Infestor  
  80  10:53  Roach x5  
  90  10:57  Hydralisk Den  
  89  11:05  Ravager x2  
  91  11:19  Hive  
  91  11:23  Roach  
  91  11:24  Roach x3  
  83  11:38  Infestor  
  81  11:45  Drone x4  
  81  11:46  Drone x6  
  87  12:10  Extractor  
  87  12:11  Extractor  
  85  12:20  Hatchery  
  84  12:27  Burrow  
  75  12:40  Roach x2  
  75  12:41  Roach x11  
  94  12:45  Ravager  
  94  12:46  Ravager x2  
  93  12:55  Hatchery  
  67  13:14  Roach x5  
Tags
 
Composition
Lurkers
Matchup
ZvZ
Race
Zerg
Spawn Locations
Cross Positions
Add a new tag
Caveats
  • Supply blocks, unpowered buildings, or Contaminate may cause inaccurate times.
  • Supply counts are checked every 10 seconds.